AoeStats
← estemauro96

Arabia

509728577Analyzed
1v1 RM · 3d ago on Sep 27, 2026· 47m 39s· 2 players
Game mode
Random Map
Map size
Tiny (2 player)
Population
200
Speed
Normal
Resources
Standard
Victory
Conquest
Starting age
Dark Age
Ending age
Imperial Age
RankedLock teamsTeams togetherTeam positionsShared explorationLock speedFull tech treeHidden civsTurbo modeCheats
Victory
Defeat
🇨🇴 Khmer · Colombia
757
+17
🇨🇳 Huns · China
780
-22
estemauro96
12:17 Feudal Age
17:52 Castle Age
16:53 Double-Bit Axe
18:23 Pikeman
19:06 Stone Mining
19:38 Horse Collar
25:08 Wheelbarrow
24:43 Gold Mining
37:23 Imperial Age
38:12 Gold Shaft Mining
38:02 Bow Saw
39:46 Conscription
44:21 Halberdier
TERMIT
7:02 Loom
10:08 Feudal Age
11:10 Double-Bit Axe
11:25 Horse Collar
19:46 Gold Mining
20:48 Fletching
23:27 Castle Age
21:46 Padded Archer Armor
23:11 Bloodlines
27:13 Bodkin Arrow
32:37 Sanctity
36:27 Leather Archer Armor
35:43 Elite Skirmisher
38:14 Husbandry
38:32 Bow Saw
Connection lost

Rejoining the realm…

Still unreachable

The connection could not be restored.

Session expired

The server has moved on; the page needs a fresh start.